Map: Nightscape LE

Players

griff

  • Race: Terran Terran
  • Spawn Location: 1:00

Sanctum

  • Race: Protoss Protoss
  • Spawn Location: 1:00

qqq - Winner!

  • Race: Zerg Zerg
  • League: Platinum
  • Spawn Location: 7:00

Massa - Winner!

  • Race: Terran Terran
  • League: Platinum
  • Spawn Location: 7:00

VOD

Have the link to the VOD?

Description

Time

  • Played on: Nov. 22, 2020, 9 a.m.
  • Length: 6:09
Show
View Real Time Build Order
Export as new Build Order

griff Terran 

Build Orders: Gas First Reaper Expand 

Get SALT Encoding   

  12  0:00  SCV  
  13  0:12  SCV  
  14  0:21  Supply Depot  
  14  0:31  Refinery  
  14  0:35  SCV  
  15  0:54  Barracks  
  14  1:44  Command Center  
  14  1:49  Reaper  
  15  2:17  Factory  
  13  2:36  Barracks Reactor  
  13  2:40  Orbital Command  
  13  3:10  SCV  
  14  3:22  SCV  
  15  3:34  Barracks Tech Lab, Hellion x2, SCV  
  20  3:43  Refinery  
  20  3:51  Orbital Command  
  20  4:05  Hellion  
  20  4:07  Marine  
  23  4:17  Bunker  
  23  4:19  SCV  
  24  4:29  Widow Mine  
  26  4:34  Widow Mine  
  26  4:37  Marauder  
  20  5:16  Hellion  
  20  5:17  Hellion  
  20  5:19  Marauder  
  21  5:38  Hellion x2  
  21  5:42  Factory  
Show
View Real Time Build Order
Export as new Build Order

Sanctum Protoss 

Build Orders: 1 Gate Expand, Phoenix Opening 

Get SALT Encoding   

  12  0:01  Probe  
  13  0:14  Probe (Chrono Boost)  
  14  0:21  Pylon  
  14  0:26  Probe (Chrono Boost)  
  15  0:37  Probe  
  15  0:41  Gateway  
  16  0:46  Assimilator  
  17  0:50  Probe  
  17  1:02  Probe  
  18  1:14  Probe  
  19  1:26  Probe  
  20  1:40  Nexus  
  20  1:51  Cybernetics Core  
  20  1:55  Assimilator  
  20  2:00  Pylon  
  20  2:06  Probe  
  20  2:18  Probe  
  21  2:26  Adept (Chrono Boost)  
  23  2:30  Probe  
  24  2:39  Stargate  
  24  2:48  Adept  
  26  2:56  Probe x2  
  28  3:07  Stargate  
  28  3:08  Probe x2  
  30  3:18  Assimilator  
  30  3:20  Probe x2  
  30  3:22  Assimilator  
  30  3:24  Phoenix  
  30  3:26  Pylon  
  34  3:29  Pylon  
  34  3:36  Probe x2  
  36  3:51  Phoenix  
  34  4:19  Shield Battery  
  34  4:30  Phoenix x2  
  38  4:31  Forge  
  38  4:35  Probe x2, Pylon  
  38  4:38  Pylon  
  40  4:47  Probe x2  
  42  4:55  Phoenix x2  
  42  4:59  Probe  
  37  5:34  Photon Cannon  
Show
View Real Time Build Order
Export as new Build Order

qqq Zerg - Winner!

Build Orders: Hatch First 

Get SALT Encoding   

  12  0:00  Drone  
  13  0:08  Drone  
  14  0:19  Overlord  
  14  0:46  Hatchery  
  14  0:49  Drone  
  14  0:51  Drone  
  15  0:57  Drone  
  16  1:13  Spawning Pool  
  16  1:16  Drone  
  16  1:29  Drone x2  
  18  1:35  Extractor  
  18  1:37  Drone  
  18  1:49  Extractor  
  18  1:51  Drone  
  18  1:55  Drone  
  18  1:59  Drone  
  20  2:08  Drone  
  21  2:09  Queen  
  21  2:10  Queen  
  21  2:12  Drone  
  26  2:27  Zergling x4  
  28  2:30  Overlord  
  28  2:38  Metabolic Boost  
  28  2:42  Overlord  
  28  2:49  Drone x2  
  30  2:55  Zergling x2  
  31  2:58  Drone  
  31  3:00  Zergling x2  
  31  3:04  Drone, Baneling Nest  
  33  3:10  Zergling x2  
  34  3:15  Drone  
  35  3:21  Zergling x6  
  35  3:22  Drone x2  
  40  3:39  Lair  
  40  3:40  Roach Warren, Zergling x4  
  40  3:41  Drone x2  
  43  3:43  Zergling x2  
  43  3:48  Overlord  
  44  3:54  Overlord  
  44  4:10  Zergling x6  
  44  4:11  Drone x3  
  50  4:21  Drone  
  51  4:25  Overlord  
  51  4:27  Hatchery, Spore Crawler  
  51  4:30  Spore Crawler  
  48  4:33  Overlord  
  48  4:34  Drone  
  49  4:43  Baneling x7  
  43  5:14  Zergling x6  
  43  5:15  Drone, Zergling x4  
  43  5:16  Drone, Zergling x4  
  49  5:37  Zergling x6  
  49  5:38  Zergling x4  
Show
View Real Time Build Order
Export as new Build Order

Massa Terran - Winner!

Build Orders: Reaper Expand 

Get SALT Encoding   

  12  0:00  SCV  
  13  0:15  SCV  
  13  0:19  Supply Depot  
  14  0:28  SCV  
  15  0:44  Refinery  
  15  0:48  SCV, Barracks  
  16  1:00  SCV  
  17  1:12  SCV  
  19  1:27  SCV  
  19  1:35  Reaper  
  19  1:39  Orbital Command  
  20  1:49  Command Center  
  19  2:39  Factory  
  19  2:41  Barracks  
  19  2:47  SCV  
  20  2:53  Command Center  
  20  3:05  SCV  
  21  3:18  SCV  
  22  3:23  Factory Tech Lab  
  22  3:27  Orbital Command, Supply Depot  
  22  3:36  Barracks Tech Lab  
  22  3:37  Starport  
  22  3:44  SCV  
  23  3:48  Barracks Reactor, Refinery  
  23  3:50  Widow Mine  
  25  3:56  SCV  
  25  4:00  SCV  
  27  4:06  Engineering Bay  
  27  4:07  Orbital Command  
  27  4:08  SCV  
  28  4:11  Widow Mine  
  28  4:12  SCV  
  29  4:20  SCV  
  29  4:22  Medivac  
  32  4:24  SCV  
  32  4:25  Marine x2  
  32  4:27  Marauder  
  37  4:32  SCV  
  38  4:40  Widow Mine  
  38  4:43  SCV x2, Marine x2  
  38  4:44  SCV  
  45  4:48  Marauder  
  45  4:49  Missile Turret  
  47  4:55  SCV x2  
  49  5:01  Marine x2  
  51  5:24  Marauder, Marine x2  
  51  5:27  SCV x2  
  51  5:28  SCV  
  58  5:39  SCV x2  
  58  5:40  SCV  
  61  5:44  Marine x2  
  61  5:46  Marauder  
  58  5:51  SCV x2  
  58  5:52  SCV  
Tags
 
Add a new tag
Caveats
  • Supply blocks, unpowered buildings, or Contaminate may cause inaccurate times.
  • Supply counts are checked every 10 seconds.